 Dungeon Crawl Stone Soup version 0.23-a0-167-gf92cf62f8f (webtiles) character file.

60034 PikkenKukken the Slicer (level 14, -1/77 HPs)
             Began as a Vine Stalker Fighter on Sept 11, 2018.
             Was a High Priest of Uskayaw.
             Slain by an Executioner (4 damage)
             ... on level 1 of the Abyss.
             The game lasted 00:36:16 (16117 turns).

PikkenKukken the Slicer (Vine Stalker Fighter)     Turns: 16117, Time: 00:36:17

Health: -1/77      AC: 18    Str: 23      XL:     14   Next: 97%
Magic:  0/20       EV:  7    Int: 10 (13) God:    Uskayaw [*****.]
Gold:   1617       SH: 19    Dex: 22      Spells: 13/13 levels left

rFire    . . .     SeeInvis .   H - +5 dagger of Tender Mercy {pierce, rN+ Int+3 Dex+4}
rCold    . . .     Gourm    .   G - +0 large shield
rNeg     + . .     Faith    .   A - +0 plate armour
rPois    +         Spirit   +   (helmet restricted)
rElec    +         Reflect  .   g - +1 cloak
rCorr    .         Harm     .   (no gloves)
MR       ++...                  F - +0 pair of boots
Stlth    ..........             B - amulet of regeneration
HPRegen  1.42/turn              c - +3 ring of dexterity
MPRegen  0.17/turn              d - ring of poison resistance

@: about to teleport, very slightly contaminated
A: antennae 1, fangs 3, clever 1, magic resistance 1, regeneration 2,
electricity resistance, magic shield, antimagic bite, no potion heal 3, rot
immunity
a: Stomp, Line Pass, Grand Finale, Renounce Religion


You were on level 1 of the Abyss.
You worshipped Uskayaw.
Uskayaw was noncommittal.
You were very hungry.

You visited 4 branches of the dungeon, and saw 19 of its levels.
You visited the Abyss 2 times.
You also visited: Ossuary.

You collected 1987 gold pieces.
You spent 370 gold pieces at shops.

Inventory:

Hand Weapons
 a - a +0 rapier
 H - the +5 dagger of Tender Mercy (weapon) {pierce, rN+ Int+3 Dex+4}
   (You found it on level 10 of the Dungeon)

   It inflicts extra damage upon your enemies.
   It affects your intelligence (+3).
   It affects your dexterity (+4).
   It protects you from negative energy.
Armour
 g - a +1 cloak (worn)
 A - a +0 plate armour (worn)
 F - a +0 pair of boots (worn)
 G - a +0 large shield (worn)
 Q - a cursed -2 pair of boots
Jewellery
 b - an uncursed ring of protection from cold
 c - a +3 ring of dexterity (left hand)
 d - a ring of poison resistance (right hand)
 z - an uncursed ring of positive energy
 B - an amulet of regeneration (around neck)
 I - an uncursed amulet of the gourmand {unknown}
 J - an uncursed ring of protection from fire
 M - an uncursed ring of resist corrosion
 S - an uncursed amulet of the acrobat {unknown}
Wands
 l - a wand of paralysis (24)
 o - a wand of acid (10)
 r - a wand of random effects (31)
 K - a wand of scattershot (8)
 N - a wand of polymorph (10)
 R - a wand of flame (20)
Scrolls
 i - a scroll of blinking
 n - a scroll of magic mapping
 p - 4 scrolls of amnesia
 s - a scroll of fog
 t - 12 scrolls of identify
 u - 5 scrolls of teleportation
 w - 8 scrolls of remove curse
 y - 5 scrolls of enchant armour
 C - 5 scrolls of enchant weapon
 L - 3 scrolls of fear
Potions
 e - a potion of magic
 h - 3 potions of flight
 j - 13 potions of curing
 k - 3 potions of brilliance
 m - a potion of haste
 v - a potion of agility
 x - 2 potions of mutation
 D - 3 potions of cancellation
 E - 2 potions of invisibility
 O - 3 potions of might
 P - a potion of resistance {unknown}
Comestibles
 f - 20 rations


   Skills:
 + Level 10.4 Fighting
 * Level 13.8 Short Blades
 + Level 9.6 Armour
 - Level 5.0 Dodging
 + Level 10.4 Shields
 + Level 7.7 Invocations


You had 13 spell levels left.
You didn't know any spells.
Your spell library contained the following spells:

 Spells                   Type           Power        Failure   Level  Hunger
 Magic Dart               Conj           #...         100%        1    ##.....
 Summon Butterflies       Summ           #.......     100%        1    ##.....
 Searing Ray              Conj           #.....       100%        2    ###....
 Call Canine Familiar     Summ           #.......     100%        3    ####...
 Dazzling Spray           Conj/Hex       #.....       100%        3    ####...
 Force Lance              Conj/Tloc      #.......     100%        4    #####..
 Fulminant Prism          Conj/Hex       #.........   100%        4    #####..
 Iskenderun's Mystic Bla  Conj           #.......     100%        4    #####..
 Summon Ice Beast         Ice/Summ       #.......     100%        4    #####..
 Summon Mana Viper        Hex/Summ       #.......     100%        5    ######.
 Summon Hydra             Summ           #.........   100%        7    #######


Dungeon Overview and Level Annotations

Branches:
Dungeon (11/15)            Temple (1/1) D:7            Lair (5/6) D:10
 Shoals (0/4) Lair:3        Snake (0/4) Lair:3          Orc (2/2) D:11
  Slime: Lair:5-6       Elf: Orc:2

Altars:
Ashenzari
Cheibriados
Dithmenos
Elyvilon
Fedhas
Gozag
Hepliaklqana
Kikubaaqudgha
Makhleb
Nemelex Xobeh
Okawaru
Qazlal
Ru
Sif Muna
Trog
Uskayaw
Vehumet
Wu Jian
Xom
Yredelemnul
Zin
The Shining One
Beogh

Shops:
D:4 *?(   D:9 =   D:10 [   D:11 %

Annotations:
D:11 1 runed door, P0WERM0DE's ghost, journeyman DDFi
Lair:1 1 runed door, Banouka's ghost, journeyman DrIE
Orc:1 Sonja


Innate Abilities, Weirdness & Mutations

You have razor-sharp teeth.
You heal very quickly.
When hurt, damage is shared between your health and your magic reserves.
Your bite disrupts and absorbs the magic of your enemies.
Potions cannot restore your health.
You are immune to rotting.
You have a pair of small antennae on your head.
Your mind is acute. (Int +2)
You are resistant to hostile enchantments. (MR+)
You are resistant to electric shocks. (rElec)


Message History

You are mesmerised by the merfolk siren!
You cannot move away from the merfolk siren!
You cannot move away from the merfolk siren!
The Executioner hits you but does no damage. x2
You block the Executioner's attack.
The small abomination barely misses you.
The merfolk siren chants a haunting song.
You resist with some effort.
The merfolk siren chants its luring song.
You break out of your daze!
The Executioner gestures at you. You resist with almost no effort.
The Executioner hits you!
* * * LOW HITPOINT WARNING * * *
You block the Executioner's attack. x2
The merfolk siren chants a haunting song.
You resist. You block the Executioner's attack. The Executioner hits you.
* * * LOW HITPOINT WARNING * * *
The Executioner closely misses you. The Executioner hits you.
You die...

.. ..... .. ...
..... ...
...###...###...
....#.....#....
...............
................
.................
##.. ##..@## ...#
#. ...#...1x#.....
. .......x....m.. .
..........H....m
.................
.....#...*.#.....
##...###..ยง###...#
....#...Z.#.....
.............. ...


You could see a wretched star, an Executioner, a manticore, 2 small abominations
and a shadow dragon skeleton.

Vanquished Creatures
  A lich (Abyss:1)
  Gastronok (Orc:1)
  A revenant (Abyss:1)
  Snorg (Orc:1)
  Erolcha (D:11)
  6 hydras
  2 two-headed ogres
  Erica (Orc:1)
  A catoblepas (Lair:5)
  8 thrashing horrors (Abyss:3)
  Urug (Lair:1)
  An orc high priest (Orc:2)
  A sixfirhy (Abyss:1)
  A titan skeleton (Abyss:1)
  A storm dragon skeleton (Abyss:3)
  A glowing orange brain (Abyss:3)
  2 unseen horrors
  2 large abominations (Abyss:1)
  A flayed ghost (Abyss:1)
  A necromancer (Abyss:3)
  A ghost moth zombie (Abyss:3)
  An orc knight (Orc:2)
  An ugly thing (D:11)
  3 cyclopes
  An orc sorcerer (Orc:2)
  A manticore (Lair:3)
  A guardian serpent (D:11)
  3 black mambas
  4 smoke demons
  5 spiny frogs
  A torpor snail (Lair:4)
  2 efreet (Abyss:1)
  4 komodo dragons
  A rime drake (Lair:4)
  3 starcursed masses (Abyss:1)
  A harpy zombie (Abyss:3)
  2 ancient zymes (Abyss:3)
  2 tyrant leeches (Abyss:3)
  4 hornets
  5 trolls
  2 polar bears
  3 raiju (Abyss:3)
  17 blink frogs
  6 dream sheep (Lair:5)
  6 hippogriffs
  Sigmund (D:6)
  A ynoxinul (Abyss:3)
  2 basilisks
  23 yaks
  A wyvern (D:8)
  4 hungry ghosts
  Eustachio (D:4)
  2 neqoxecs
  2 chaos spawn
  A warg (Orc:1)
  5 water moccasins
  3 nagas (Lair:3)
  5 hell hounds
  A spiny frog zombie (Abyss:3)
  4 porcupines
  A phantom (D:11)
  An ice dragon simulacrum (Abyss:3)
  An ice beast (D:10)
  10 orc warriors
  4 wolves (Lair:5)
  2 sky beasts
  2 centaurs
  5 ogres
  5 crocodiles
  11 bullfrogs
  2 big kobolds
  A gnoll sergeant (D:10)
  A wyvern zombie (Ossuary)
  Blork the orc (D:6)
  2 earth elementals (Abyss:3)
  A water moccasin zombie (Ossuary)
  5 small abominations
  3 scorpions
  24 killer bees
  5 wights (D:7)
  9 howler monkeys
  A spriggan skeleton (Abyss:3)
  6 crimson imps
  4 centaur zombies
  4 bullfrog zombies
  3 jellies
  3 quasits
  4 hounds
  12 orc priests
  3 centaur skeletons
  Crazy Yiuf (D:2)
  A gnoll shaman (D:6)
  2 bullfrog skeletons
  An iron imp (D:9)
  3 iguanas
  Natasha (twice) (D:2)
  23 orc wizards
  9 worker ants
  3 hound zombies
  15 mummies (Ossuary)
  4 hound skeletons
  3 howler monkey zombies
  2 worker ant zombies
  25 gnolls
  14 adders
  A shadow imp (D:7)
  2 oozes
  5 adder skeletons
  5 adder zombies
  6 worms
  3 dart slugs
  8 leopard geckos
  57 orcs
  11 bats
  5 giant cockroaches
  7 hobgoblins
  14 jackals
  18 kobolds
  7 quokkas
  6 frilled lizards
  17 goblins
  A jackal skeleton (D:5)
  A quokka skeleton (D:6)
  2 quokka zombies (Ossuary)
  4 rats
595 creatures vanquished.

Vanquished Creatures (others)
  An orc (Orc:2)
  3 fungi (Lair:2)
  A plant (Lair:2)
  5 starspawn tentacles (Abyss:3)
  2 withered plants (Ossuary)
12 creatures vanquished.

Grand Total: 607 creatures vanquished

Notes
Turn   | Place    | Note
-------+----------+-------------------------------------------
     0 | D:1      | PikkenKukken the Vine Stalker Fighter began the quest for
                  | the Orb.
     0 | D:1      | Reached XP level 1. HP: 11/11 MP: 2/2
    25 | D:1      | Reached skill level 2 in Short Blades
   206 | D:1      | Reached XP level 2. HP: 16/16 MP: 3/3
   286 | D:1      | Reached XP level 3. HP: 13/19 MP: 4/4
   905 | D:2      | Found a runed door.
  1080 | D:2      | Gained mutation: Your natural rate of healing is unusually
                  | fast. [Vine Stalker growth]
  1080 | D:2      | Reached XP level 4. HP: 18/24 MP: 2/5
  1495 | D:2      | Reached skill level 1 in Dodging
  1707 | D:2      | Noticed Natasha
  1727 | D:2      | Killed Natasha
  1824 | D:2      | Noticed Natasha
  1834 | D:2      | Killed Natasha
  1834 | D:2      | Reached skill level 3 in Short Blades
  1834 | D:2      | Reached XP level 5. HP: 28/28 MP: 6/6
  1937 | D:2      | Noticed Crazy Yiuf
  1948 | D:2      | Killed Crazy Yiuf
  2060 | D:3      | Found a shadowy altar of Dithmenos.
  2503 | D:3      | Reached XP level 6. HP: 32/32 MP: 7/7
  3014 | D:4      | Found Zosovit's Magic Scroll Shoppe.
  3033 | D:4      | Bought a scroll of identify for 20 gold pieces
  3033 | D:4      | Bought a scroll of remove curse for 30 gold pieces
  3033 | D:4      | Bought a scroll of identify for 20 gold pieces
  3057 | D:4      | Reached skill level 4 in Short Blades
  3115 | D:4      | Found Zemegami's Assorted Antiques.
  3236 | D:4      | Reached XP level 7. HP: 36/37 MP: 8/8
  3353 | D:4      | Noticed Eustachio
  3403 | D:4      | Killed Eustachio
  3475 | D:4      | Found Eplarheb's Weapon Boutique.
  3521 | D:5      | Entered Level 5 of the Dungeon
  3562 | D:5      | Got a shimmering helmet
  3573 | D:5      | Identified the cursed +0 helmet "Zyfeifa" {rC+ rN+ Int-2
                  | Dex+4 Stlth+} (You found it on level 5 of the Dungeon)
  3768 | D:5      | Found a sand-covered staircase.
  3794 | D:5      | Found a sacrificial altar of Ru.
  3808 | Ossuary  | Entered an ossuary
  3818 | Ossuary  | Gained mutation: You have razor-sharp teeth. [Vine Stalker
                  | growth]
  3818 | Ossuary  | Reached XP level 8. HP: 42/42 MP: 9/9
  3833 | Ossuary  | Reached skill level 5 in Short Blades
  4158 | Ossuary  | Gained mutation: Your mind is acute. (Int +2) [potion of
                  | mutation]
  4158 | Ossuary  | Gained mutation: You are resistant to hostile enchantments.
                  | (MR+) [potion of mutation]
  4158 | Ossuary  | Gained mutation: You have a pair of small antennae on your
                  | head. [potion of mutation]
  4158 | Ossuary  | Gained mutation: You are resistant to electric shocks.
                  | (rElec) [potion of mutation]
  4207 | D:5      | Found a bloodstained altar of Trog.
  4207 | D:5      | Found a glowing silver altar of Zin.
  4207 | D:5      | Found an iron altar of Okawaru.
  4305 | D:5      | Reached skill level 6 in Short Blades
  4777 | D:6      | Reached XP level 9. HP: 46/46 MP: 10/10
  4806 | D:6      | Reached skill level 5 in Fighting
  4957 | D:6      | Reached skill level 5 in Shields
  4986 | D:6      | Noticed Blork the orc
  4999 | D:6      | Killed Blork the orc
  5489 | D:6      | Noticed Sigmund
  5497 | D:6      | Killed Sigmund
  5619 | D:6      | Reached skill level 7 in Short Blades
  5853 | D:6      | Reached skill level 5 in Armour
  6073 | D:7      | Found a basalt altar of Yredelemnul.
  6104 | D:7      | Found a blossoming altar of Fedhas.
  6143 | D:7      | Found a stormy altar of Qazlal.
  6153 | D:7      | Found a staircase to the Ecumenical Temple.
  6162 | Temple   | Entered the Ecumenical Temple
  6418 | D:8      | Noticed a hornet
  6454 | D:7      | Paralysed by a hornet for 2 turns
  6456 | D:7      | Killed a hornet
  6456 | D:7      | Reached XP level 10. HP: 10/53 MP: 3/11
  6732 | D:7      | Reached skill level 8 in Short Blades
  6957 | D:8      | Found a hide-covered altar of Uskayaw.
  6966 | D:8      | Became a worshipper of Uskayaw the Reveler
  7049 | D:8      | Found a sparkling altar of Nemelex Xobeh.
  7056 | D:8      | Found an ornate altar of the Wu Jian Council.
  7060 | D:8      | Found a deep blue altar of Sif Muna.
  7094 | D:8      | Reached * piety under Uskayaw
  7309 | D:8      | Reached ** piety under Uskayaw
  7362 | D:8      | Reached *** piety under Uskayaw
  7485 | D:8      | Reached **** piety under Uskayaw
  7489 | D:8      | Reached skill level 5 in Dodging
  7490 | D:8      | Reached ***** piety under Uskayaw
  7626 | D:9      | Found Edwai's Jewellery Emporium.
  7642 | D:9      | Bought an uncursed ring of poison resistance for 300 gold
                  | pieces
  7901 | D:9      | Found a snail-covered altar of Cheibriados.
  8007 | D:10     | Entered Level 10 of the Dungeon
  8013 | D:10     | Reached skill level 9 in Short Blades
  8048 | D:10     | Reached XP level 11. HP: 58/58 MP: 12/12
  8160 | D:10     | Found Gajyl's Antique Armour Boutique.
  8219 | D:10     | Noticed a two-headed ogre
  8232 | D:10     | Killed a two-headed ogre
  8483 | D:10     | Killed an unseen horror
  8678 | D:10     | Got a transparent dagger
  8679 | D:10     | Identified the +5 dagger of Tender Mercy {pierce, rN+ Int+3
                  | Dex+4} (You found it on level 10 of the Dungeon)
  8722 | D:10     | Found a staircase to the Lair.
  9018 | Lair:1   | Entered Level 1 of the Lair of Beasts
  9105 | Lair:1   | Got a blackened dagger
  9106 | Lair:1   | Identified the cursed +0 dagger of Contradiction {freeze,
                  | rC+ MR+ Str+5} (You found it on level 1 of the Lair of
                  | Beasts)
  9242 | Lair:1   | Noticed a four-headed hydra
  9248 | Lair:1   | Killed a four-headed hydra
  9248 | Lair:1   | Reached skill level 10 in Short Blades
  9281 | Lair:1   | Found a runed door.
  9283 | Lair:1   | Found a shimmering altar of Xom.
  9283 | Lair:1   | Noticed Banouka's ghost (journeyman DrIE)
  9383 | Lair:1   | Noticed a five-headed hydra
  9390 | Lair:1   | Killed a five-headed hydra
  9588 | Lair:1   | Noticed a hand axe of chaos
  9671 | Lair:1   | Noticed Urug
  9691 | Lair:1   | Killed Urug
  9937 | Lair:1   | Reached skill level 1 in Invocations
 10005 | Lair:1   | Gained mutation: You heal very quickly. [Vine Stalker
                  | growth]
 10005 | Lair:1   | Reached XP level 12. HP: 56/64 MP: 14/14
 10206 | Lair:2   | Reached skill level 11 in Short Blades
 10529 | Lair:2   | Noticed a seven-headed hydra
 10539 | Lair:2   | Killed a seven-headed hydra
 10865 | Lair:3   | Found a staircase to the Snake Pit.
 10920 | Lair:3   | Noticed a four-headed hydra
 10931 | Lair:3   | Killed a four-headed hydra
 11184 | Lair:3   | Found a staircase to the Shoals.
 11551 | Lair:4   | Noticed a seven-headed hydra
 11563 | Lair:4   | Killed a seven-headed hydra
 12235 | Lair:5   | Reached XP level 13. HP: 69/69 MP: 17/17
 12364 | Lair:5   | Reached skill level 12 in Short Blades
 12442 | Lair:5   | Reached skill level 5 in Invocations
 12504 | Lair:5   | Reached ****** piety under Uskayaw
 13577 | D:11     | Found a staircase to the Orcish Mines.
 13993 | D:11     | Found Jyre Ido's Food Shop.
 14072 | D:11     | Found a runed door.
 14100 | D:11     | Noticed P0WERM0DE's ghost (journeyman DDFi)
 14203 | D:11     | Noticed Erolcha
 14213 | D:11     | Killed Erolcha
 14241 | Orc:1    | Entered Level 1 of the Orcish Mines
 14241 | Orc:1    | Found a roughly hewn altar of Beogh.
 14401 | Orc:2    | Entered Level 2 of the Orcish Mines
 14701 | Orc:2    | Found a deep blue altar of Sif Muna.
 14828 | Orc:1    | Noticed Sonja
 14843 | Orc:1    | Cast into level 2 of the Abyss (Sonja)
 14906 | Abyss:2  | Found a corrupted altar of Lugonu.
 14995 | Abyss:3  | Reached XP level 14. HP: 56/75 MP: 17/19
 15001 | Abyss:3  | HP: 2/75 [ice dragon simulacrum (15)]
 15059 | Abyss:3  | Noticed a tentacled starspawn
 15071 | Abyss:3  | Noticed a starcursed mass
 15170 | Abyss:3  | Reached skill level 13 in Short Blades
 15259 | Abyss:3  | Noticed a starcursed mass
 15438 | Orc:1    | Escaped the Abyss
 15587 | Orc:2    | Reached skill level 10 in Fighting
 15587 | Orc:2    | Reached skill level 10 in Shields
 15637 | Orc:1    | Noticed Snorg
 15650 | Orc:1    | Killed Snorg
 15693 | Orc:1    | Noticed Erica
 15712 | Orc:1    | Killed Erica
 15768 | Orc:1    | Noticed Gastronok
 15781 | Orc:1    | Killed Gastronok
 15826 | Orc:1    | Cast into level 1 of the Abyss (Sonja)
 15900 | Abyss:1  | Noticed a revenant
 15923 | Abyss:1  | Killed a revenant
 15944 | Abyss:1  | Noticed a lich
 15953 | Abyss:1  | Paralysed by a lich for 7 turns
 15991 | Abyss:1  | Killed a lich
 16075 | Abyss:1  | Noticed a starcursed mass
 16097 | Abyss:1  | Noticed an Executioner
 16117 | Abyss:1  | HP: 3/77 [Executioner (3)]
 16117 | Abyss:1  | Slain by an Executioner

Vault maps used:
D:1:      saegor_arrival_simple_a
D:2:      kennysheep_the_goblin_king, first_ration, grunt_decor_one_mirror,
          uniq_natasha, uniq_crazy_yiuf_cottage
D:3:      lemuel_crystal_altar
D:4:      serial_shops, shop_fountains, shop, shop, uniq_eustachio
D:5:      nicolae_overflow_crystal_walls, gammafunk_temple_overflow_forgotten,
          nicolae_ossuary_entry_false_entrances, lemuel_flamethrower_2
D:6:      uniq_sigmund, uniq_blork_the_orc
D:7:      grunt_temple_overflow_forces_of_nature, overflow_temple_1_default,
          minmay_temple_entry_overgrown
D:8:      eat_drink_and_be_merry_uskayaw, minitemple
D:9:      slow_altar_1, serial_shops, shop_fountains
D:10:     lair_entry_dummy, serial_shops, kennysheep_mini
D:11:     orc_0_dummy, serial_shops, shop, ebering_ghost_reflecting_pool,
          nrook_guardian_serpent_double, uniq_erolcha
Temple:   jpeg_temple_island
Lair:1:   ebering_ghost_xom, grunt_megastairs_4, infiniplex_staircase_pool,
          uniq_urug
Lair:2:   lemuel_fruit_tree
Lair:3:   minmay_shoals_entry_beasts, guppyfry_snake_entry_island, minivault_25
Orc:1:    basic_altar, uniq_erica, uniq_snorg, uniq_sonja, uniq_gastronok
Orc:2:    grunt_orc_tribal_feast, special_room, led_sif_book
Abyss:3:  evilmike_abyss_exit_plants
Ossuary:  ossuary_zaba_flooded

Skill      XL: |  1  2  3  4  5  6  7  8  9 10 11 12 13 14 |
---------------+-------------------------------------------+-----
Short Blades   | 2 3 4 6 7 9 10 11 12 13 | 13.8
Fighting       | 3 4 5 6 7 8 9 10 | 10.4
Shields        | 3 4 5 6 7 8 9 10 | 10.4
Dodging        | 1 2 3 4 5 |  5.0
Armour         | 3 4 5 6 7 8 9 |  9.6
Invocations    | 1 4 6 7 |  7.7

Action                   |  1- 3 |  4- 6 |  7- 9 | 10-12 | 13-15 || total
-------------------------+-------+-------+-------+-------+-------++-------
Melee: Rapier            |    66 |       |       |       |       ||    66
       Bite              |    28 |    75 |   267 |   288 |   499 ||  1157
       Dagger            |    17 |   225 |   627 |   726 |   892 ||  2487
Invok: Line Pass         |       |       |       |     1 |       ||     1
Evoke: Wand              |       |       |       |       |     4 ||     4
  Use: Scroll            |     5 |     6 |    10 |     6 |     7 ||    34
       Potion            |       |       |     1 |     1 |       ||     2
 Stab: Paralysed         |       |       |       |    39 |    57 ||    96
  Eat: Chunk             |       |     8 |    11 |    16 |     4 ||    39
       Ration            |       |       |       |     2 |     4 ||     6
Armor: Scale mail        |    15 |    62 |       |       |       ||    77
       Chain mail        |       |    24 |   190 |    11 |       ||   225
       Plate armour      |       |       |       |   249 |   344 ||   593
Dodge: Dodged            |    13 |    44 |   123 |    94 |   152 ||   426
Block: Shield            |    41 |   118 |   153 |       |       ||   312
       Large shield      |       |       |   224 |   526 |   684 ||  1434

Table legend:
 A = Non-vault XP
 B = Vault XP
 C = Vault XP percentage of total XP
 D = Non-vault monster count
 E = Vault monster count
 F = Vault count percentage of total count
                 A         B        C        D         E       F
            +---------+---------+-------+---------+---------+-------
      Total |   72371 |   13392 |  15.6 |     521 |      74 |  12.4
            +---------+---------+-------+---------+---------+-------
        D:1 |      43 |       0 |   0.0 |      20 |       0 |   0.0
        D:2 |      95 |      88 |  48.1 |      27 |       9 |  25.0
        D:3 |     152 |       0 |   0.0 |      34 |       0 |   0.0
        D:4 |     323 |     196 |  37.8 |      14 |       1 |   6.7
        D:5 |     395 |       0 |   0.0 |      16 |       0 |   0.0
        D:6 |    1399 |     329 |  19.0 |      58 |       2 |   3.3
        D:7 |    1628 |       0 |   0.0 |      27 |       0 |   0.0
        D:8 |    2116 |       0 |   0.0 |      27 |       0 |   0.0
        D:9 |    1165 |      39 |   3.2 |      22 |       1 |   4.3
       D:10 |    4096 |       0 |   0.0 |      43 |       0 |   0.0
       D:11 |    6851 |    1540 |  18.4 |      67 |       2 |   2.9
     Lair:1 |    3830 |    2080 |  35.2 |      13 |       3 |  18.8
     Lair:2 |    5859 |       0 |   0.0 |      20 |       0 |   0.0
     Lair:3 |    1677 |    1243 |  42.6 |       6 |       5 |  45.5
     Lair:4 |    4204 |       0 |   0.0 |      14 |       0 |   0.0
     Lair:5 |    8635 |       0 |   0.0 |      31 |       0 |   0.0
      Orc:1 |    1271 |    4329 |  77.3 |       9 |       3 |  25.0
      Orc:2 |    3577 |    1026 |  22.3 |      22 |      11 |  33.3
    Abyss:1 |   11698 |       0 |   0.0 |      18 |       0 |   0.0
    Abyss:2 |      74 |       0 |   0.0 |       1 |       0 |   0.0
    Abyss:3 |   13283 |    1618 |  10.9 |      32 |       5 |  13.5
    Ossuary |       0 |     904 | 100.0 |       0 |      32 | 100.0
            +---------+---------+-------+---------+---------+-------
